 Dungeon Crawl Stone Soup version 0.24.0-37-gcf1ca852f1 (webtiles) character file.

Game seed: 11977030395675715867, levelgen mode: deterministic

104628 Slyspawn the Wrestler (level 15, -1/144 HPs)
             Began as a Troll Fighter on Dec 4, 2019.
             Was the Champion of Qazlal.
             Slain by an anaconda (3 damage)
             ... on level 3 of the Snake Pit on Dec 5, 2019.
             The game lasted 01:33:54 (18291 turns).

Slyspawn the Wrestler (Troll Fighter)              Turns: 18291, Time: 01:33:54

Health: -1/144     AC: 13    Str: 31    XL:     15   Next: 92%
Magic:  0/15       EV:  5    Int:  4    God:    Qazlal [******]
Gold:   1327       SH:  0    Dex: 11    Spells: 14/14 levels left

rFire    + + .     SeeInvis .     - Unarmed
rCold    . . .     Gourm    +   Z - +0 large shield
rNeg     . . .     Faith    .   H - +3 troll leather armour
rPois    +         Spirit   +   (helmet restricted)
rElec    +         Reflect  .   c - scarf {Spirit}
rCorr    .         Harm     .   (gloves unavailable)
MR       +....                  (boots unavailable)
Stlth    +.........             y - amulet of regeneration
HPRegen  1.54/turn              h - ring of protection from fire
MPRegen  0.14/turn              k - ring of poison resistance

@: confused, protected from electricity, constricted, repel missiles
A: large, unfitting armour, claws 3, rugged brown scales 1, fire resistance 1,
fast metabolism 3, gourmand, regeneration 1, shaggy fur 1, tough skin 3,
evolution 1
a: Upheaval, Elemental Force, Disaster Area, Renounce Religion


You were on level 3 of the Snake Pit.
You worshipped Qazlal.
Qazlal was exalted by your worship.
You were not hungry.

You visited 4 branches of the dungeon, and saw 23 of its levels.
You also visited: Sewer.

You collected 2151 gold pieces.
You spent 824 gold pieces at shops.

Inventory:

Armour
 c - a scarf of spirit shield (worn)
 D - a +2 helmet
 H - a +3 troll leather armour (worn)
 Z - a +0 large shield (worn)
Jewellery
 a - a +3 ring of protection
 h - a ring of protection from fire (left claw)
 k - a ring of poison resistance (right claw)
 q - an uncursed ring of protection from magic
 r - an uncursed ring of see invisible
 y - an amulet of regeneration (around neck)
 A - an uncursed ring of wizardry
 F - the ring of Hotinig {*Slow rF+ rC+ Str+4, unknown}
   (You found it on level 7 of the Dungeon)

   [ring of protection from cold]

   It affects your strength (+4).
   It protects you from fire.
   It protects you from cold.
   It may slow you when you take damage.
 R - an uncursed amulet of the acrobat
 S - an uncursed amulet of rage
 U - a cursed -2 ring of strength
 V - an uncursed ring of ice
Wands
 l - a wand of digging (7)
 x - a wand of flame (95)
 B - a wand of paralysis (16)
 G - a wand of iceblast (31)
 K - a wand of disintegration (33)
 Q - a wand of acid (42)
 X - a wand of random effects (34)
Scrolls
 e - 13 scrolls of remove curse
 j - 9 scrolls of identify
 m - a scroll of amnesia
 o - 8 scrolls of fear
 u - 2 scrolls of fog
 v - 4 scrolls of magic mapping
 w - 13 scrolls of teleportation
 z - 3 scrolls of enchant weapon
 L - a scroll of noise {unknown}
 O - a scroll of random uselessness
 P - a scroll of vulnerability {unknown}
 T - a scroll of blinking
 W - 3 scrolls of silence
 Y - 2 scrolls of enchant armour
Potions
 f - 4 potions of heal wounds
 i - 2 potions of lignification
 s - 11 potions of curing
 t - 8 potions of flight
 E - 2 potions of agility
 I - 4 potions of degeneration
 J - a potion of invisibility {unknown}
 M - a potion of ambrosia
 N - 3 potions of brilliance
Miscellaneous
 C - a lightning rod (4/4)
Comestibles
 d - 56 rations


   Skills:
 + Level 7.0 Fighting
 - Level 5.7 Armour
 - Level 2.4 Dodging
 - Level 3.3 Stealth
 + Level 9.8 Shields
 + Level 21.8 Unarmed Combat
 + Level 2.0 Invocations


You had 14 spell levels left.
You didn't know any spells.
Your spell library contained the following spells:

 Spells                   Type           Power        Failure   Level  Hunger
 Animate Skeleton         Necr           N/A          88%         1    ##.....
 Beastly Appendage        Tmut           #.....       88%         1    ##.....
 Confusing Touch          Hex            #.....       88%         1    ##.....
 Corona                   Hex            #......      88%         1    ##.....
 Flame Tongue             Conj/Fire      #....        88%         1    ##.....
 Freeze                   Ice            #...         88%         1    ##.....
 Pain                     Necr           #...         88%         1    ##.....
 Sandblast                Erth           #.....       88%         1    ##.....
 Blink                    Tloc           N/A          96%         2    ###....
 Corpse Rot               Necr           N/A          96%         2    ###....
 Ensorcelled Hibernation  Hex/Ice        #.....       96%         2    ###....
 Passwall                 Tmut/Erth      #.......     96%         2    ###....
 Shroud of Golubria       Chrm/Tloc      #.....       96%         2    ###....
 Sticks to Snakes         Tmut           #.......     96%         2    ###....
 Sublimation of Blood     Necr           #.........   96%         2    ###....
 Throw Flame              Conj/Fire      #.....       96%         2    ###....
 Throw Frost              Conj/Ice       #.....       96%         2    ###....
 Confuse                  Hex            #.......     99%         3    ####...
 Conjure Flame            Conj/Fire      #.......     99%         3    ####...
 Dazzling Spray           Conj/Hex       #.....       99%         3    ####...
 Gell's Gravitas          Tloc           #.........   99%         3    ####...
 Ignite Poison            Fire/Tmut/Pois #.......     99%         3    ####...
 Inner Flame              Hex/Fire       #.......     99%         3    ####...
 Lesser Beckoning         Tloc           #.........   99%         3    ####...
 Ozocubu's Armour         Chrm/Ice       #.......     99%         3    ####...
 Recall                   Summ/Tloc      N/A          99%         3    ####...
 Regeneration             Chrm/Necr      #.........   99%         3    ####...
 Spider Form              Tmut/Pois      #.........   99%         3    ####...
 Stone Arrow              Conj/Erth      #.....       99%         3    ####...
 Teleport Other           Tloc           #.......     99%         3    ####...
 Tukima's Dance           Hex            #.......     99%         3    ####...
 Vampiric Draining        Necr           #.........   99%         3    ####...
 Animate Dead             Necr           N/A          100%        4    #####..
 Ice Form                 Ice/Tmut       #.......     100%        4    #####..
 Passage of Golubria      Tloc           N/A          100%        4    #####..
 Petrify                  Tmut/Erth      #.......     100%        4    #####..
 Sticky Flame             Conj/Fire      #.......     100%        4    #####..
 Summon Ice Beast         Ice/Summ       #.......     100%        4    #####..
 Throw Icicle             Conj/Ice       #.......     100%        4    #####..
 Agony                    Necr           #.......     100%        5    ######.
 Aura of Abjuration       Summ           #.........   100%        5    ######.
 Blade Hands              Tmut           #.........   100%        5    ######.
 Bolt of Draining         Conj/Necr      #.........   100%        5    ######.
 Dispel Undead            Necr           #.......     100%        5    ######.
 Excruciating Wounds      Chrm/Necr      #.........   100%        5    ######.
 Fireball                 Conj/Fire      #.........   100%        5    ######.
 Lee's Rapid Deconstruct  Erth           #.........   100%        5    ######.
 Metabolic Englaciation   Hex/Ice        #.........   100%        5    ######.
 Summon Demon             Summ           #.........   100%        5    ######.
 Summon Forest            Summ/Tloc      #.........   100%        5    ######.
 Summon Mana Viper        Hex/Summ       #.......     100%        5    ######.
 Yara's Violent Unravell  Hex/Tmut       #.........   100%        5    ######.
 Bolt of Fire             Conj/Fire      #.........   100%        6    #######
 Shadow Creatures         Summ           N/A          100%        6    #######
 Ring of Flames           Chrm/Fire      #.........   100%        7    #######
 Ignition                 Fire           #.........   100%        8    #######


Dungeon Overview and Level Annotations

Branches:
Dungeon (13/15)            Temple (1/1) D:6            Lair (6/6) D:8
 Shoals (0/4) Lair:3        Snake (3/4) Lair:3        Slime (0/5) Lair:6
    Orc (0/2) D:11         Vaults (0/5) D:13          Sewer (visited)

Altars:
Dithmenos
Elyvilon
Hepliaklqana
Okawaru
Qazlal
Trog
Xom
Zin
Jiyva

Shops:
D:4 *   D:6 (   D:11 (   D:13 ?

Portals:
Volcano: Lair:2

Annotations:
D:4 2 runed translucent doors, Delamore's ghost, novice HOFi
Lair:1 3 runed translucent doors, exclusion: 4 oklob plants, diiiiiane's ghost, novice OpAs


Innate Abilities, Weirdness & Mutations

You are too large for most types of armour.
You have claws for hands.
Your metabolism is lightning-fast.
You like to eat raw meat.
Your natural rate of healing is unusually fast.
You are covered in fur. (AC +1)
You have extremely tough skin. (AC +3)
You are partially covered in rugged brown scales. (AC +1, +3% HP)
Your flesh is heat resistant. (rF+)
You evolve.


Message History

* * * LOW HITPOINT WARNING * * *
The shock serpent shocks you. You resist.
* * * LOW HITPOINT WARNING * * *
You are confused.
You feel invigorated. The anaconda bites you.
* * * LOW HITPOINT WARNING * * *
Your resistance to electricity fades away.
You feel protected from physical attacks.
The anaconda constricts you. The anaconda bites you!
* * * LOW HITPOINT WARNING * * *
You feel more protected from physical attacks.
The black mamba is struck by lightning.
The shock serpent is engulfed in blazing flames.
The shock serpent's electric aura discharges, shocking you!
* * * LOW HITPOINT WARNING * * *
Your resistance to physical damage fades away.
You feel protected from electricity.
The shock serpent bites you but does no damage.
The anaconda bites you.
You die...

##....... ####........
#.#......... ##..........
#.#......... ####........
#........ ##########........
##@##..#....#......
######SSS........##.....
#.S##SSSĀ°........#......
##S.....S................
##........................ .
###...N.....................
..####...........................
.................................
.................................


You could see 2 anacondas, a naga ritualist, 2 shock serpents and 3 black
mambas.

Vanquished Creatures
  4 nagarajas (Snake:2)
  4 vault guards (D:13)
  3 naga warriors
  Fannar (Lair:1)
  6 hydras
  3 anacondas
  7 two-headed ogres
  A centaur warrior (D:13)
  4 shock serpents (Snake:2)
  A tengu warrior (D:13)
  4 naga sharpshooters
  A deep elf knight (D:13)
  Nergalle (Lair:1)
  2 naga ritualists (Snake:1)
  An orc knight (D:13)
  5 mana vipers
  6 ugly things
  2 deep elf magi (D:13)
  4 cyclopes
  2 manticores
  16 elephants
  3 salamanders
  6 naga magi
  Joseph (Lair:1)
  25 black mambas
  27 spiny frogs
  A guardian serpent (shapeshifter) (D:13)
  A kobold demonologist (D:13)
  A rime drake (Lair:3)
  A gargoyle (D:13)
  2 yaktaurs (D:13)
  9 komodo dragons
  A merfolk (shapeshifter) (D:13)
  5 merfolk
  4 tyrant leeches (Lair:6)
  5 trolls
  Grinder (Sewer)
  34 blink frogs
  13 hippogriffs
  5 wyverns
  3 fire bats (Lair:2)
  Grum (D:11)
  2 hungry ghosts
  Eustachio (D:4)
  A golden eye (shapeshifter) (D:13)
  2 wraiths
  36 yaks
  4 basilisks
  A steam dragon (D:10)
  6 vampire mosquitoes (Lair:6)
  17 nagas
  9 water moccasins
  An acid dragon (D:9)
  4 porcupines
  4 ice beasts
  12 orc warriors
  3 sky beasts
  2 necrophages
  8 black bears
  An ice beast (shapeshifter) (D:13)
  2 phantoms
  4 ogres
  20 wolves
  A boggart (D:13)
  14 centaurs
  11 crocodiles
  8 big kobolds
  4 gnoll sergeants
  41 bullfrogs
  2 wyvern zombies
  4 scorpions
  18 killer bees
  4 wights (D:10)
  9 electric eels
  2 howler monkeys (D:13)
  15 crimson imps
  10 orc priests
  A quasit (D:11)
  Crazy Yiuf (D:4)
  3 gnoll shamans
  12 hounds
  6 jellies
  7 orc wizards
  3 bullfrog skeletons
  2 centaur skeletons
  4 iguanas
  10 worker ants
  6 big kobold zombies (Sewer)
  A howler monkey zombie (D:6)
  17 gnolls
  15 adders
  3 river rats (D:3)
  8 shadow imps
  An ufetubus (Sewer)
  4 adder skeletons
  2 adder zombies
  3 worms (D:3)
  2 dart slugs
  10 leopard geckos
  42 orcs
  2 bat zombies (Sewer)
  5 giant cockroaches
  9 goblins
  6 hobgoblins
  19 jackals
  3 quokkas
  3 ball pythons
  9 bats
  3 frilled lizards
  30 kobolds
  A leopard gecko skeleton (D:9)
  A leopard gecko zombie (D:5)
  A quokka zombie (D:9)
  6 rats
  A fungus (D:4)
772 creatures vanquished.

Vanquished Creatures (others)
  A naga mage (Snake:2)
  A tengu conjurer (D:13)
  A naga (Snake:3)
  A bush (Lair:6)
  15 fungi
  57 plants
76 creatures vanquished.

Grand Total: 848 creatures vanquished

Notes
Turn   | Place    | Note
-------+----------+-------------------------------------------
     0 | D:1      | Slyspawn the Troll Fighter began the quest for the Orb.
     0 | D:1      | Reached XP level 1. HP: 22/22 MP: 0/0
     2 | D:1      | Noticed a troll
     4 | D:1      | Noticed a halfling
     4 | D:1      | Noticed a vine stalker
     6 | D:1      | Noticed a centaur
     6 | D:1      | Noticed a minotaur
     8 | D:1      | Noticed a merfolk
     8 | D:1      | Noticed a vampire
    10 | D:1      | Noticed a draconian
    10 | D:1      | Noticed a naga
    12 | D:1      | Noticed a ghoul
    12 | D:1      | Noticed a human
    14 | D:1      | Noticed an ogre
    16 | D:1      | Noticed a felid
    18 | D:1      | Noticed a gargoyle
    20 | D:1      | Noticed a spriggan
    20 | D:1      | Noticed a tengu
    22 | D:1      | Noticed a dwarf
    22 | D:1      | Noticed an octopode
    24 | D:1      | Noticed a formicid
    24 | D:1      | Noticed an elf
    26 | D:1      | Noticed a demonspawn
    26 | D:1      | Noticed a demigod
   126 | D:1      | Reached XP level 2. HP: 29/29 MP: 1/1
   826 | D:2      | Reached XP level 3. HP: 35/36 MP: 2/2
  1179 | D:3      | Reached skill level 3 in Unarmed Combat
  1190 | D:3      | Reached XP level 4. HP: 16/44 MP: 3/3
  1371 | D:3      | Reached XP level 5. HP: 46/53 MP: 4/4
  1373 | D:3      | Reached skill level 4 in Unarmed Combat
  1422 | D:3      | Found a glowing drain.
  1429 | Sewer    | Entered a sewer
  1661 | Sewer    | Reached XP level 6. HP: 53/61 MP: 5/5
  1679 | Sewer    | Reached skill level 5 in Unarmed Combat
  1698 | Sewer    | Found an ancient bone altar of Kikubaaqudgha.
  1751 | Sewer    | Noticed Grinder
  1776 | Sewer    | Reached skill level 1 in Stealth
  1788 | Sewer    | Reached XP level 7. HP: 65/67 MP: 6/6
  1806 | Sewer    | Paralysed by Grinder for 4 turns
  1822 | Sewer    | Killed Grinder
  1822 | Sewer    | Reached skill level 6 in Unarmed Combat
  2340 | D:4      | Noticed Eustachio
  2362 | D:4      | Killed Eustachio
  2362 | D:4      | Reached skill level 7 in Unarmed Combat
  2412 | D:4      | Found Eleibegh's Assorted Antiques.
  2435 | D:4      | Reached XP level 8. HP: 62/75 MP: 7/7
  2590 | D:4      | Found a runed translucent door.
  2591 | D:4      | Noticed Delamore's ghost (novice HOFi)
  2787 | D:4      | Found a runed translucent door.
  2953 | D:4      | Found a shimmering altar of Xom.
  3017 | D:4      | Found a runed translucent door.
  3018 | D:4      | Noticed Crazy Yiuf
  3027 | D:4      | Killed Crazy Yiuf
  3133 | D:5      | Entered Level 5 of the Dungeon
  3376 | D:5      | Reached skill level 8 in Unarmed Combat
  3444 | D:5      | Reached skill level 5 in Shields
  3895 | D:6      | Found Obluvuar's Weapon Boutique.
  3943 | D:6      | Reached skill level 9 in Unarmed Combat
  3963 | D:6      | Reached XP level 9. HP: 64/84 MP: 5/8
  4285 | D:6      | Found a staircase to the Ecumenical Temple.
  4334 | D:7      | Got a twitching copper ring
  4362 | D:7      | Reached skill level 10 in Unarmed Combat
  4699 | D:7      | Found a bloodstained altar of Trog.
  4740 | D:7      | Noticed a troll
  4745 | D:7      | Killed a troll
  5022 | D:8      | Found a glowing silver altar of Zin.
  5061 | D:8      | Found a shadowy altar of Dithmenos.
  5143 | D:8      | Reached skill level 11 in Unarmed Combat
  5184 | D:8      | Reached skill level 1 in Armour
  5457 | D:8      | Found a staircase to the Lair.
  5613 | D:9      | Reached XP level 10. HP: 88/92 MP: 7/9
  5703 | D:9      | Noticed a two-headed ogre
  5725 | D:9      | Killed a two-headed ogre
  5740 | D:9      | Reached skill level 12 in Unarmed Combat
  6316 | D:9      | Noticed a brown ugly thing
  6318 | D:9      | Noticed a two-headed ogre
  6332 | D:9      | Killed a brown ugly thing
  6337 | D:9      | Killed a two-headed ogre
  6337 | D:9      | Reached skill level 13 in Unarmed Combat
  6339 | D:9      | Reached XP level 11. HP: 76/100 MP: 5/10
  6712 | Temple   | Entered the Ecumenical Temple
  6719 | Temple   | Became a worshipper of Qazlal Stormbringer
  6825 | D:10     | Entered Level 10 of the Dungeon
  7212 | D:10     | Reached * piety under Qazlal
  7377 | D:10     | Reached skill level 14 in Unarmed Combat
  7479 | D:10     | Found a stormy altar of Qazlal.
  7491 | D:10     | Reached ** piety under Qazlal
  7554 | D:10     | Noticed a two-headed ogre
  7650 | D:10     | Noticed a two-headed ogre
  7660 | D:10     | Killed a two-headed ogre
  7891 | D:10     | Noticed a two-headed ogre
  7902 | D:10     | Killed a two-headed ogre
  7908 | D:10     | Killed a two-headed ogre
  7911 | D:10     | Reached XP level 12. HP: 81/109 MP: 8/11
  8638 | D:11     | Noticed Grum
  8652 | D:11     | Killed Grum
  8667 | D:11     | Reached *** piety under Qazlal
  8667 | D:11     | Reached skill level 15 in Unarmed Combat
  8736 | D:11     | Found a gate leading to a gauntlet.
  8835 | D:11     | Found a staircase to the Orcish Mines.
  9107 | D:11     | Found Cacuf's Antique Weapon Boutique.
  9342 | D:11     | Reached **** piety under Qazlal
  9514 | D:12     | Noticed a five-headed hydra
  9533 | D:12     | HP: 1/110 [nine-headed hydra (9)]
  9831 | D:12     | Killed a nine-headed hydra
  9907 | D:12     | Reached skill level 5 in Fighting
  9966 | D:12     | Reached skill level 1 in Invocations
 10303 | D:12     | Noticed a two-headed ogre
 10308 | D:12     | Killed a two-headed ogre
 10449 | D:13     | Found Muman's Magic Scroll Shop.
 10452 | D:13     | Bought a scroll of random uselessness for 19 gold pieces
 10452 | D:13     | Bought a scroll of immolation for 66 gold pieces
 10452 | D:13     | Bought a scroll of teleportation for 57 gold pieces
 10452 | D:13     | Bought a scroll of enchant armour for 142 gold pieces
 10462 | D:13     | Noticed an eight-headed hydra
 10472 | D:13     | Killed a 14-headed hydra
 10621 | D:13     | Noticed a tengu warrior
 10638 | D:13     | Noticed a five-headed hydra
 10644 | D:13     | Killed a tengu warrior
 10644 | D:13     | Reached skill level 16 in Unarmed Combat
 10659 | D:13     | Killed a nine-headed hydra
 10703 | D:13     | Noticed a vault guard
 10714 | D:13     | Noticed a vault guard
 10720 | D:13     | Killed a vault guard
 10749 | D:13     | Killed a vault guard
 10749 | D:13     | Reached XP level 13. HP: 81/119 MP: 5/13
 10824 | D:13     | Found a gate to the Vaults.
 11110 | D:13     | Reached skill level 17 in Unarmed Combat
 11667 | D:13     | Gained mutation: You are partially covered in rugged brown
                  | scales. (AC +1, +3% HP) [potion of mutation]
 11667 | D:13     | Gained mutation: You evolve. [potion of mutation]
 11733 | D:11     | Gained mutation: Your flesh is heat resistant. (rF+)
                  | [evolution]
 11807 | Lair:1   | Entered Level 1 of the Lair of Beasts
 11807 | Lair:1   | Noticed Joseph
 11824 | Lair:1   | Killed Joseph
 11998 | Lair:1   | Found a runed translucent gate.
 11998 | Lair:1   | Found a runed translucent gate.
 11998 | Lair:1   | Found a runed translucent gate.
 12000 | Lair:1   | Noticed diiiiiane's ghost (novice OpAs)
 12007 | Lair:1   | Noticed Fannar
 12019 | Lair:1   | Killed Fannar
 12019 | Lair:1   | Reached skill level 18 in Unarmed Combat
 12093 | Lair:1   | Noticed Nergalle
 12102 | Lair:1   | Killed Nergalle
 12486 | Lair:2   | Found a dark tunnel.
 12681 | Lair:2   | Reached ***** piety under Qazlal
 13008 | Lair:3   | Reached XP level 14. HP: 130/131 MP: 12/14
 13146 | Lair:3   | Found a staircase to the Shoals.
 13375 | Lair:3   | Found a staircase to the Snake Pit.
 14025 | Lair:4   | Reached skill level 19 in Unarmed Combat
 14575 | Lair:5   | Reached skill level 5 in Armour
 15506 | Lair:6   | Entered Level 6 of the Lair of Beasts
 15640 | Lair:6   | Reached skill level 20 in Unarmed Combat
 15720 | Lair:6   | Reached ****** piety under Qazlal
 15943 | Lair:6   | Reached XP level 15. HP: 40/141 MP: 3/15
 16227 | Lair:6   | Found a staircase to the Slime Pits.
 16229 | Lair:6   | Found a viscous altar of Jiyva.
 16760 | Snake:1  | Entered Level 1 of the Snake Pit
 16938 | Snake:1  | Reached skill level 21 in Unarmed Combat
 17283 | Snake:2  | Noticed a nagaraja
 17286 | Snake:2  | Noticed a nagaraja
 17303 | Snake:2  | Found a frozen archway.
 17306 | Snake:2  | Noticed a nagaraja
 17320 | Snake:2  | Killed a nagaraja
 17335 | Snake:2  | Noticed a nagaraja
 17342 | Snake:2  | Killed a nagaraja
 17470 | Snake:2  | Killed a nagaraja
 17476 | Snake:2  | Killed a nagaraja
 17866 | Snake:2  | Found Suwave's Food Shop.
 17869 | Snake:2  | Bought a ration for 60 gold pieces
 17869 | Snake:2  | Bought a ration for 60 gold pieces
 17869 | Snake:2  | Bought a ration for 60 gold pieces
 17869 | Snake:2  | Bought a ration for 60 gold pieces
 17869 | Snake:2  | Bought a ration for 60 gold pieces
 17869 | Snake:2  | Bought a ration for 60 gold pieces
 17869 | Snake:2  | Bought a ration for 60 gold pieces
 17869 | Snake:2  | Bought a ration for 60 gold pieces
 17869 | Snake:2  | Bought a ration for 60 gold pieces
 18291 | Snake:3  | HP: 2/144 [shock serpent/electric aura (7)]
 18291 | Snake:3  | Slain by an anaconda

Levels and vault maps discovered:
D:1:      kb_arrival_jail, layout_basic
D:2:      layout_rooms
D:3:      layout_rooms, lightli_sewer_entry_pipes, nrook_campfire
D:4:      layout_cave_pods, xom_butterflies, ebering_ghost_sewer_f,
          serial_shops, nicolae_shop_trees, uniq_eustachio,
          uniq_crazy_yiuf_cottage, uniq_grinder
D:5:      layout_basic, first_ration
D:6:      layout_rooms, minmay_temple_entry_trees, serial_shops,
          nicolae_shop_stone
D:7:      layout_loops_cross, lemuel_altar_in_water
D:8:      layout_basic, grunt_lair_entry_orc_guard_hut, basic_altar,
          blue_anna_alchemist [blue_anna_fruit_fields, blue_anna_fruit_fields],
          minmay_statues_item, grunt_dithmenos_smoke
D:9:      minmay_the_grid_3x2 [minmay_the_grid_slots, minmay_the_grid_embedded,
          minmay_the_grid_tree, minmay_the_grid_minigrid_small_alt,
          minmay_the_grid_dragon_a, minmay_the_grid_prize_shrinking_boxes],
          layout_basic
D:10:     kennysheep_town
D:11:     layout_loops_cross, kennysheep_orc_monster_closet_entryway,
          serial_shops, nicolae_shop_stone, gauntlet_entry_generic,
          kennysheep_cross_bottleneck, uniq_grum
D:12:     layout_loops_ring
D:13:     minmay_stepped, layout_loops_ring, lightli_vaults_fourway_checkpoint,
          serial_bayou, serial_bayou_shore_b, serial_bayou_pond_e,
          serial_bayou_pond_a, serial_bayou_pond_d, serial_shops,
          kennysheep_mini, minmay_unpleasant_kobolds
Temple:   nicolae_temple_the_god_donut
Lair:1:   layout_big_grid, gammafunk_ghost_hydra_chop, hibernation_bobbens,
          minmay_lair_oklob_chamber, lemuel_fruit_tree, uniq_joseph,
          uniq_fannar, uniq_nergalle
Lair:2:   layout_long_grid, nicolae_volcano_entry_batcave, st_stairs_9,
          chequers_serial_rivers_micro_e, serial_bayou_shore_b,
          infiniplex_staircase_pool_2
Lair:3:   layout_regular_city, elwin_shoals_entry_stream, grunt_megastairs_1
Lair:4:   layout_long_grid
Lair:5:   wad_woods_structure_01, layout_regular_city, minivault_11,
          grunt_forest_stairs_basic, serial_bayou_shore_b
Lair:6:   minmay_lair_end_frog_pond, layout_regular_city, slime_altar_1
Snake:1:  layout_misc_corridors
Snake:2:  nicolae_snakescales, layout_cave_town,
          portal_ice_cave_entry_pillars_1, serial_shops,
          nicolae_shop_behind_doors, drop_trap
Snake:3:  layout_cave_shapes, uniq_mara

Skill      XL: |  1  2  3  4  5  6  7  8  9 10 11 12 13 14 15 |
---------------+----------------------------------------------+-----
Unarmed Combat | 3 4 5 7 9 11 13 14 16 18 20 21 | 21.8
Shields        | 3 4 5 6 8 9 |  9.8
Fighting       | 3 4 5 6 7 |  7.0
Stealth        | 1 2 3 |  3.3
Armour         | 1 3 4 5 |  5.7
Invocations    | 1 2 |  2.0
Dodging        | |  2.4

Action                   |  1- 3 |  4- 6 |  7- 9 | 10-12 | 13-15 || total
-------------------------+-------+-------+-------+-------+-------++-------
Melee: Unarmed           |   109 |   170 |   346 |   784 |  1138 ||  2547
Invok: Upheaval          |       |       |       |     7 |       ||     7
Evoke: Wand              |       |       |       |       |     1 ||     1
  Use: Scroll            |     1 |       |     7 |     5 |     8 ||    21
       Potion            |       |       |     8 |     9 |     9 ||    26
 Stab: Sleeping          |     1 |       |     2 |     2 |       ||     5
       Distracted        |       |       |       |     1 |       ||     1
  Eat: Chunk             |     6 |    12 |    36 |    47 |    61 ||   162
       Ration            |     1 |       |     1 |       |     2 ||     4
Armor: Robe              |    40 |    58 |    52 |       |       ||   150
       Troll leather arm |       |       |    29 |   150 |   150 ||   329
       Skin              |       |       |       |    12 |    24 ||    36
Dodge: Dodged            |    45 |    57 |    91 |   197 |   170 ||   560
       Deflected         |       |       |       |       |    18 ||    18
Block: Shield            |    47 |    82 |   132 |   431 |   601 ||  1293
       Large shield      |       |       |       |       |   195 ||   195
